 Dungeon Crawl Stone Soup version 0.31-a0-145-g046c7d2549 (webtiles) character file.

Game seed: 16844426983232119353

63 lessens the Cudgeller (level 4, -6/35 HPs)
             Began as a Formicid Fighter on June 4, 2023.
             Killed by nerve-wracking pain
             ... invoked by Jessica
              (8 damage)
             ... on level 2 of the Dungeon.
             The game lasted 00:01:58 (1086 turns).

lessens the Cudgeller (Formicid Fighter)            Turns: 1086, Time: 00:01:59

Health: -6/35      AC:  8    Str: 19 (22) XL:     4   Next: 30%
Magic:  4/4        EV:  9    Int:  5 (8)  God:
Gold:   78         SH:  4    Dex: 11 (13) Spells: 3/3 levels left

rFire   . . .        q - +0 morningstar
rCold   . . .        c - +0 buckler
rNeg    . . .        b - +0 scale mail
rPois   .            (helmet unavailable)
rElec   .            n - +0 cloak
rCorr   .            (no gloves)
SInv    +            (no boots)
Will    .....        (no amulet) Stlth
                     (no ring)
HPRegen 0.25/turn    (no ring)
MPRegen 0.09/turn

%: no passive effects
@: no status effects
A: permanent stasis, dig shafts and tunnels, antennae 3, four strong arms
a: Dig, Shaft Self


You were on level 2 of the Dungeon.
You visited 1 branch of the dungeon, and saw 2 of its levels.

You collected 78 gold pieces.

Inventory:

Hand Weapons
 a - a +0 flail
 q - a +0 morningstar (weapon)
Missiles
 g - 2 throwing nets
 i - 7 stones
 m - 6 javelins
Armour
 b - a +0 scale mail (worn)
 c - a +0 buckler (worn)
 n - a +0 cloak (worn)
Scrolls
 f - a scroll of vulnerability {unknown}
 h - a scroll of identify
 j - a scroll of blinking {unknown}
 o - a scroll of teleportation {unknown}
 p - a scroll of poison {unknown}
Potions
 d - a potion of might
 e - a potion of brilliance
 l - a potion of curing {unknown}


   Skills:
 - Level 3.2 Fighting
 + Level 4.2 Maces & Flails
 - Level 3.2 Armour
 - Level 4.0 Shields


You had 3 spell levels left.
You didn't know any spells.
Your spell library contained the following spells:

 Spells                   Type           Power      Damage    Failure   Level
 Scorch                   Fire           0%         2d5       96%         2
 Flame Wave               Conj/Fire      0%         2d4       100%        4
 Summon Cactus Giant      Summ           0%         N/A       100%        6


Dungeon Overview and Level Annotations

Branches:
Dungeon (2/15) Zot: 10886

Altars:

Annotations:
D:2 Jessica


Innate Abilities, Weirdness & Mutations

You cannot be hasted, slowed, berserked, paralysed or teleported.
You can dig through walls and to a lower floor.
You have a pair of large antennae on your head. (SInv)
Your four strong arms can wield two-handed weapons with a shield.


Message History

You puncture the goblin!
You kill the goblin!
Robin throws the goblin at you!
The goblin hits you with a +2 dagger of speed.
The goblin misses you. Robin hits you but does no damage.
The goblin hits you but does no damage.
You closely miss the goblin. The goblin hits you but does no damage.
You block Robin's attack. The goblin hits you but does no damage.
You barely miss the goblin. You block Robin's attack.
The goblin hits you but does no damage.
The goblin hits you with a +2 dagger of speed.
You puncture the goblin!
You kill the goblin!
Robin barely misses you. Robin hits you with a +0 club.
You closely miss Robin. Robin hits you with a +0 club.
You hit Robin.
Robin is lightly wounded.
Robin barely misses you. You block Robin's attack.
You sock Robin!
Robin is heavily wounded.
Robin hits you but does no damage.
You hit Robin.
Robin is almost dead.
You block Robin's attack.
Jessica mumbles some strange words.
Jessica blinks!
You hit Robin.
You kill Robin!
Jessica gestures at you while chanting. Pain shoots through your body!
* * * LOW HITPOINT WARNING * * *
Jessica zaps a wand.
The puff of flame hits you!
* * * LOW HITPOINT WARNING * * *
Items here: )))) ††.
It was a potion of degeneration.
There was something very wrong with that liquid.
You feel weakened.
You feel dopey.
You feel clumsy.
Jessica points at you and mumbles some strange words.
Pain shoots through your body!
You die...

#{..........##.##.#.#
#..{...{.@..#...#.#.#
#..g######...._.....#
†...g..gg...#...#.#.#
#..{#####...##.##.#.####
####{{{.)#........#.... #
#.....####..####..#
####.....####.#####..##.#
...'.....'....).@)†)...>#
.###.....##########@.##.#
.# #.....######## #..# #
.# #............# #..# .#
#............# #..# ##
#............# #..#
#............###...
####..................
...#.....##.........


You could see Jessica.

Vanquished Creatures
  Robin (D:2)
  An adder (D:2)
  A worm (D:2)
  2 dart slugs
  A bat (D:1)
  2 endoplasms
  12 goblins
  2 hobgoblins
  4 jackals (D:1)
  2 quokkas (D:1)
  2 kobolds (D:1)
30 creatures vanquished.

Notes
Turn   | Place    | Note
-------+----------+-------------------------------------------
     0 | D:1      | lessens the Formicid Fighter began the quest for the Orb.
     0 | D:1      | Reached XP level 1. HP: 18/18 MP: 1/1
   175 | D:1      | Reached XP level 2. HP: 24/24 MP: 2/2
   868 | D:2      | Reached XP level 3. HP: 29/29 MP: 3/3
   915 | D:2      | Found a faded altar of an unknown god.
  1018 | D:2      | Noticed Robin
  1023 | D:2      | Noticed Jessica
  1072 | D:2      | Reached XP level 4. HP: 32/35 MP: 4/4
  1084 | D:2      | Killed Robin
  1086 | D:2      | Killed from afar by Jessica

Illustrated notes

Levels and vault maps discovered:
D:1:      erik_arrival_blinker_ship, layout_basic
D:2:      layout_basic, ebering_ecumenical_altar_box, nrook_campfire,
          kennysheep_generic_room_8, uniq_robin, uniq_jessica

Skill      XL: |  1  2  3 |
---------------+----------+-----
Maces & Flails | 3 4 |  4.2
Fighting       | |  3.2
Armour         | |  3.2
Shields        | |  4.0

Action                     |  1- 3 |  4- 6 || total
---------------------------+-------+-------++-------
  Melee: Flail             |    46 |       ||    46
         Morningstar       |    29 |    13 ||    42
Ability: Dig               |     1 |       ||     1
    Use: Scroll            |     1 |       ||     1
         Potion            |       |     1 ||     1
 Armour: Scale mail        |    43 |     8 ||    51
  Dodge: Dodged            |    34 |     5 ||    39
  Block: Buckler           |    17 |     4 ||    21

Table legend: (Time is in decaauts)
 A = Elapsed time spent in this place.
 B = Non-inter-level travel time spent in this place.
 C = Inter-level travel time spent in this place.
 D = Time resting spent in this place.
 E = Time spent auto-exploring this place.
 F = Levels seen in this place.
 G = Mean time per level.
                   A        B        C        D        E       F      G
               +--------+--------+--------+--------+--------+-----+--------+
         Total |   1112 |   1080 |     32 |      0 |    834 |   2 |  556.0 |
       Dungeon |   1112 |   1080 |     32 |      0 |    834 |   2 |  556.0 |
               +--------+--------+--------+--------+--------+-----+--------+

Top non-repeatable levels by time:
     D:1: 840 daAuts
     D:2: 272 daAuts

Levels and vault maps discovered:
D:1:      erik_arrival_blinker_ship, layout_basic
D:2:      layout_basic, ebering_ecumenical_altar_box, nrook_campfire,
          kennysheep_generic_room_8, uniq_robin, uniq_jessica
